 Dungeon Crawl Stone Soup version 0.17.2 (webtiles) character file.

112 Goblin1989 the Insei (level 4, -2/35 HPs)
             Began as a Demonspawn Monk on July 16, 2016.
             Was a Believer of Cheibriados.
             Slain by Goblin1989's ghost (3 damage)
             ... on level 3 of the Dungeon.
             The game lasted 00:10:58 (3822 turns).

Goblin1989 the Insei (Demonspawn Monk)              Turns: 3822, Time: 00:10:58

Health: -2/35      AC:  6    Str: 16      XL:     4   Next: 64%
Magic:  0/4        EV: 10    Int: 15      God:    Cheibriados [**....]
Gold:   169        SH:  0    Dex: 17 (20) Spells: 0 memorised, 3 levels left

rFire  . . .     SeeInvis .       - Unarmed
rCold  . . .     Clarity  .     e - +0 scale mail
rNeg   . . .     SustAt   .     (no shield)
rPois  .         Gourm    .     (no helmet)
rElec  .         Spirit   +     (no cloak)
rCorr  .         Warding  .     (no gloves)
rMut   .         Stasis   .     (no boots)
MR     .....                    g - amulet of guardian spirit
Stlth  +.........               (no ring)
                                c - ring of flight

@: very slow, not resistant to hostile enchantments, very unstealthy
A: powered by pain 1, wild magic 1, evolution 1
a: Bend Time, Renounce Religion, Evoke Flight


You were on level 3 of the Dungeon.
You worshipped Cheibriados.
Cheibriados was pleased with you.
You were not hungry.

You visited 1 branch of the dungeon, and saw 4 of its levels.

You collected 169 gold pieces.

Inventory:

Armour
 e - a +0 scale mail (worn)
 i - a +0 shield
Jewellery
 c - a ring of flight (left hand)
 g - an amulet of guardian spirit (around neck)
Scrolls
 a - a scroll of amnesia
 d - 4 scrolls of remove curse
 h - 3 scrolls of noise
 l - a scroll of identify
 m - a scroll of magic mapping
Potions
 b - a potion of curing
 j - a potion of flight
Comestibles
 f - a beef jerky
 k - 2 meat rations
 p - 5 fruits
 r - a bread ration


   Skills:
 - Level 3.0 Fighting
 - Level 2.6 Dodging
 - Level 1.7 Stealth
 + Level 5.5 Unarmed Combat


You had 3 spell levels left.
You didn't know any spells.

Dungeon Overview and Level Annotations

Branches:
Dungeon (4/15)
 Temple: D:4-7

Altars:
Cheibriados
Sif Muna
Xom
The Shining One

Annotations:
D:3 Goblin1989's ghost, amateur DsGl
D:4 Pikel


Innate Abilities, Weirdness & Mutations

You sometimes gain a little power by taking damage.
Your spells are a little harder to cast, but a little more powerful.
You evolve.


Message History

You see here a stone.
You see here a stone.
Goblin1989's ghost is nearby!
Read which item? (? for menu, Esc to quit)
As you read the scroll labeled VICKOTHRAUGI, it crumbles to dust.
You feel forgetful for a moment.
It was a scroll of amnesia.
Goblin1989's ghost turns its malevolent gaze towards you.
Goblin1989's ghost hits you! Goblin1989's ghost hits you.
Goblin1989's ghost hits you. Goblin1989's ghost hits you!
* * * LOW HITPOINT WARNING * * *
You focus on the pain.
You feel your power returning. Goblin1989's ghost hits you!
* * * LOW HITPOINT WARNING * * *
Unknown command.
Read which item? (? for menu, Esc to quit)
Okay, then.
You see here a stone.
Goblin1989's ghost hits you.
You die...

###########'####.........#
#...........# #.........#
#...........# #......(..#
#...........####.........#****
###########.#............#,,,,
#.......#.##.........#,***
#.#######)##.........#,*
#####.### #.##.<.......#,*
#...W...# #@############,*
#...<...# #W# *,,,*,*
#.......# #.# *,*,*,*
#############.########+#.,,*
#...†...................#***
#.###########...........# #.#
#...........# #.#
##########.## #.# *,#


You could see Goblin1989's ghost.

Vanquished Creatures
  A slave (D:3)
  3 gnolls
  2 adders (D:3)
  A worm (D:3)
  A giant gecko (D:2)
  10 bats
  7 giant cockroaches
  11 goblins
  9 hobgoblins
  5 kobolds
  A ball python (D:1)
  5 giant newts
  3 jackals (D:2)
  5 rats
64 creatures vanquished.

Notes
Turn   | Place    | Note
--------------------------------------------------------------
     0 | D:1      | Goblin1989 the Demonspawn Monk began the quest for the Orb.
     0 | D:1      | Reached XP level 1. HP: 18/18 MP: 1/1
   190 | D:1      | Reached skill level 4 in Unarmed Combat
   196 | D:1      | Gained mutation: You sometimes gain a little power by taking damage. [demonic ancestry]
   196 | D:1      | Reached XP level 2. HP: 18/24 MP: 2/2
  1005 | D:2      | Reached XP level 3. HP: 21/29 MP: 3/3
  1075 | D:1      | HP: 1/29 [gnoll/whip (5)]
  1381 | D:2      | Found a glowing golden altar of the Shining One.
  1513 | D:2      | Reached skill level 5 in Unarmed Combat
  1607 | D:2      | Found a snail-covered altar of Cheibriados.
  1615 | D:2      | Became a worshipper of Cheibriados the Contemplative
  1615 | D:2      | Reached * piety under Cheibriados
  1615 | D:2      | Reached ** piety under Cheibriados
  1807 | D:2      | Reached XP level 4. HP: 14/35 MP: 4/4
  2143 | D:3      | Found a deep blue altar of Sif Muna.
  2259 | D:4      | Noticed a slave
  2260 | D:4      | Noticed Pikel
  2260 | D:4      | Noticed a slave
  2295 | D:3      | Killed a slave
  2555 | D:3      | Gained mutation: You evolve. [potion of mutation]
  2555 | D:3      | Gained mutation: You can spit weak poison. [potion of mutation]
  2555 | D:3      | Gained mutation: You rapidly evolve. [potion of mutation]
  2556 | D:3      | Gained mutation: Your spells are a little harder to cast, but a little more powerful. [potion of mutation]
  2556 | D:3      | Gained mutation: Your body sometimes deteriorates upon taking damage. [potion of mutation]
  2556 | D:3      | Gained mutation: You are robust (+10% HP). [potion of mutation]
  2557 | D:3      | Lost mutation: You can spit weak poison. [potion of cure mutation]
  2557 | D:3      | Lost mutation: You rapidly evolve. [potion of cure mutation]
  2557 | D:3      | Lost mutation: You are robust (+10% HP). [potion of cure mutation]
  2557 | D:3      | Lost mutation: Your body sometimes deteriorates upon taking damage. [potion of cure mutation]
  2656 | D:3      | Noticed Goblin1989's ghost (amateur DsGl)
  3230 | D:3      | Found a shimmering altar of Xom.
  3820 | D:3      | HP: 1/35 [Goblin1989's ghost (5)]
  3822 | D:3      | Slain by Goblin1989's ghost

Action                   |  1- 3 |  4- 6 || total
-------------------------+-------+-------++-------
Melee: Unarmed           |   186 |    97 ||   283
  Use: Scroll            |       |     6 ||     6
       Potion            |       |     6 ||     6
 Stab: Sleeping          |     1 |       ||     1
  Eat: Bread ration      |     1 |       ||     1
       Chunk             |       |     1 ||     1
